Cogmind - Beta 14 @@@ ROGUE MODE // 2024.11.14 @ 22:21:56 Player: Hinzy Result: Self-destructed Performance ------------- Evolutions (2) 1000 Regions Visited (3) 600 Robots Destroyed (53) 265 Value Destroyed (1424) 1424 Prototype IDs (2) 40 Alien Tech Used (0) 0 Bonus (0) 0 TOTAL SCORE: 3329 Bonus ------- None Cogmind --------- Core Integrity 24/550 Matter 172/300 Energy 88/100 System Corruption 1% Temperature Cool (0) Movement Core (50) Location -8/Materials Parts ------- > --- POWER (1) -------- (None) > --- PROPULSION (4) --- (None) > --- UTILITY (4) ------ Visual Processing Unit Improved Light Armor Plating Hacking Suite > --- WEAPON (2) ------- (None) > --- INVENTORY (5) ---- Light Angular Momentum Engine Compact Matter Pod (0) Improved Propulsion Shielding Peak State ------------ > --- POWER ------------ Nuclear Core > --- PROPULSION ------- Advanced Treads Advanced Treads Advanced Treads Advanced Treads > --- UTILITY ---------- Advanced Heat Sink Medium Storage Unit Recoil Stabilizer > --- WEAPON ----------- Minigun Rocket Launcher > --- INVENTORY -------- Light Angular Momentum Engine Compact Wheel Compact Matter Pod Visual Processing Unit Improved Propulsion Shielding Hacking Suite High-powered Shotgun High-powered Shotgun [Rating: 31] Favorites ----------- Power Nuclear Core Engine Light Ion Engine Power Core Nuclear Core Propulsion Advanced Treads Treads Advanced Treads Leg Aluminum Leg Wheel Compact Wheel Utility Medium Storage Unit Device Seismic Detector Storage Medium Storage Unit Processor Targeting Computer Hackware Hacking Suite Protection Improved Propulsion Shielding Weapon High-powered Shotgun Energy Gun Medium Laser Ballistic Gun High-powered Shotgun Launcher Rocket Launcher Build | -11 -10 -9 -8 ------- Run | Yrd Mat Mat Mat Slots Evolved 4 | . . 2 2 Power . | . . . . Propulsion 2 | . . 2 . Utility 2 | . . . 2 Weapon . | . . . . Parts Attached 48 | 2 10 14 22 Power 5 | . 2 1 2 Engine 2 | . 2 . . Core 3 | . . 1 2 Reactor . | . . . . Propulsion 15 | . 2 8 5 Treads 8 | . . 6 2 Leg 4 | . 2 . 2 Wheel 3 | . . 2 1 Hover . | . . . . Flight . | . . . . Utility 15 | 1 3 3 8 Device 6 | 1 2 1 2 Storage 1 | . 1 . . Processor 2 | . . . 2 Hackware 1 | . . . 1 Protection 5 | . . 2 3 Artifact . | . . . . Weapon 13 | 1 3 2 7 Energy Gun 5 | 1 3 . 1 Energy Cannon . | . . . . Ballistic Gun 7 | . . 2 5 Ballistic Cannon . | . . . . Launcher 1 | . . . 1 Special Weapon . | . . . . Impact Weapon . | . . . . Slashing Weapon . | . . . . Piercing Weapon . | . . . . Special Melee Weapon . | . . . . Unidentified Prototypes . | . . . . Corrupted Parts 1 | . . . 1 System Corruption 1 | . . . 1 Parts Lost 19 | . 2 1 16 Power 2 | . 1 . 1 Propulsion 6 | . . . 6 Utility 5 | . . 1 4 Weapon 6 | . 1 . 5 Highest Loss Streak 11 | . 1 1 11 To Critical Strikes . | . . . . Average Slot Usage (%) 92 | . 99 99 73 Engine 4 | . 13 . . Core 6 | . . 10 7 Treads 21 | . . 34 23 Leg 8 | . 28 . . Wheel 3 | . . 8 . Device 8 | . 14 4 7 Storage 10 | . 14 11 7 Processor 1 | . . . 6 Protection 4 | . . 6 5 Energy Gun 8 | . 27 . . Ballistic Gun 12 | . . 21 12 Peak Build Rating 31 | 7 10 26 31 Average Rating 17 | 6 8 22 22 On Entrance 12 | 6 7 10 26 Naked Turns 29 | . . . 29 Heaviest Build 28 | 12 18 25 28 Greatest Support 88 | 20 20 88 88 Greatest Overweight (x) 6 | . 1 1 6 Average Overweight (x) . | . . . . Largest Inventory Capacity 10 | 8 10 10 10 Average Capacity 9 | 8 9 10 8 Most Carried 10 | 6 9 10 10 Average Carried 8 | 5 8 8 7 Final Capacity 10 | 8 10 10 5 Final Carried 9 | 6 9 9 3 Class Distribution -------------------- 100% | Mutant Dominant Class ---------------- Mutant | -10/Materials Mutant | -9/Materials Mutant | -8/Materials Resources | -11 -10 -9 -8 ----------- Run | Yrd Mat Mat Mat Matter Collected 1056 | 220 60 379 397 Remotely . | . . . . Salvage Created 1471 | 111 354 330 676 Parts 90 | 6 27 29 28 Haulers Intercepted 2 | . . 1 1 Recyclers Shooed . | . . . . Parts Field Recycled . | . . . . Retrieved Matter . | . . . . Parts Self-Destructed . | . . . . Prevented . | . . . . Kills | -11 -10 -9 -8 ------- Run | Yrd Mat Mat Mat Combat Hostiles Destroyed 38 | . 8 13 17 Guns 28 | . 7 13 8 AOE 9 | . 1 . 8 Classes Destroyed 11 | 2 5 2 2 Worker 2 | . . . 2 Builder 3 | . 2 1 . Tunneler 2 | 2 . . . Hauler 2 | . . 1 1 Recycler 2 | 1 . . 1 Operator 2 | . 1 . 1 Watcher 2 | . 1 1 . Swarmer 11 | . 3 8 . Grunt 23 | . 5 4 14 Sentry 2 | . . 1 1 Hunter 2 | . . . 2 Best Kill Streak 13 | 1 5 5 13 Combat Bots Only 8 | . 3 4 8 Max Kills in Single Turn 3 | 1 1 1 3 Gunslinging . | . . . . Exploded 3 | . 1 . 3 Melee . | . . . . Uniques/NPCs Destroyed . | . . . . Combat | -11 -10 -9 -8 -------- Run | Yrd Mat Mat Mat Hostile Shots Fired 291 | . 41 55 195 Missed 76 | . 11 9 56 Damage Taken 3147 | . 347 430 2370 Core 633 | . 63 44 526 Absorbed by Shields . | . . . . Redirected to Shielding 131 | . . 131 . Regen/Repaired (Parts) 22 | . 22 . . Core Remaining (%) 87 | 100 74 89 . Volleys Fired 129 | 7 38 30 54 Largest 2 | 2 2 2 2 Hottest 90 | 90 90 50 50 Shots Fired 198 | 14 53 60 71 Gun 185 | 14 53 60 58 Cannon . | . . . . Launcher 13 | . . . 13 Special . | . . . . Kinetic 112 | . . 60 52 Thermal 50 | 14 36 . . Explosive 13 | . . . 13 Electromagnetic 23 | . 17 . 6 Robot Hit Streak 16 | 5 9 6 16 Robot Miss Streak 8 | 2 2 8 5 Penetration Max . | . . . . Secondary Targets 6 | . 1 1 4 Max Gunslinging Chain 1 | . 1 1 1 Shots Hit Robots 135 | 9 36 40 50 Core Hits 100 | 4 18 20 58 Critical Kills . | . . . . Critical Parts Destroyed 1 | . . 1 . Critical Strikes 3 | . 2 1 . Burn 2 | . 2 . . Destroy 1 | . . 1 . Melee Attacks . | . . . . Impact . | . . . . Slashing . | . . . . Piercing . | . . . . Sneak Attacks . | . . . . Combat Hostiles . | . . . . Follow-up Attacks . | . . . . Damage Inflicted 3525 | 119 490 691 2225 Guns 2091 | 119 427 691 854 Cannons . | . . . . Explosions 1428 | . 63 . 1365 Melee . | . . . . Ramming 6 | . . . 6 Kinetic 1451 | . . 691 760 Thermal 463 | 119 344 . . Explosive 1365 | . . . 1365 Electromagnetic 240 | . 146 . 94 Impact . | . . . . Slashing . | . . . . Piercing . | . . . . Highest Corruption 1 | . . . 1 Average Corruption 1 | . . . 1 Corruption Purged . | . . . . Corruption Blocked . | . . . . Effects 1 | . . . 1 Data Loss (minor) 1 | . . . 1 Overload Shots . | . . . . Overflow Damage 23 | . 23 . . Projectiles . | . . . . Explosions 23 | . 23 . . Melee . | . . . . Knockbacks . | . . . . Impact . | . . . . Kinetic . | . . . . Secondary . | . . . . Self-Inflicted Damage 195 | . . . 195 Shots 6 | . . . 6 Rammed 1 | . . . 1 Targets Rammed 1 | . . . 1 Kicked . | . . . . Crushed . | . . . . Highest Temperature 144 | 120 87 4 144 Average Temperature 36 | 47 30 1 44 Received Heat Transfer 1257 | . 159 90 1008 Siege Activations . | . . . . Robots Corrupted 1 | . . . 1 Combat Hostiles 1 | . . . 1 Parts Fried 3 | . . . 3 Impact Corruptions . | . . . . Robots Melted . | . . . . Combat Hostiles . | . . . . Parts Melted . | . . . . Heat Transferred 1326 | 322 1004 . . Parts Sabotaged . | . . . . Parts Stolen . | . . . . Parts Stripped . | . . . . Power Chain Reactions 1 | . 1 . . Alert | -11 -10 -9 -8 ------- Run | Yrd Mat Mat Mat Peak Influence 340 | 15 225 262 340 Initial 110 | . 9 57 110 Average 134 | 8 65 163 193 Maximum Alert Level 1 | . 1 1 1 Low Security (%) 75 | 100 95 67 58 Level 1 24 | . 4 32 41 Level 2 . | . . . . Level 3 . | . . . . Level 4 . | . . . . Level 5 . | . . . . High Security . | . . . . Max Security . | . . . . Squads Dispatched 10 | . 4 1 5 Investigation 5 | . 1 1 3 Extermination . | . . . . Reinforcement 5 | . 3 . 2 Assault . | . . . . Garrison . | . . . . Intercept . | . . . . Searches Triggered . | . . . . Construction Impeded 1 | . . . 1 Haulers Reinforced . | . . . . Active Scanning Responses . | . . . . Cargo Convoy Interrupts . | . . . . Stealth | -11 -10 -9 -8 --------- Run | Yrd Mat Mat Mat Distress Signals 7 | . 2 . 5 Communications Jammed . | . . . . Distress Signals . | . . . . Times Spotted 74 | . 18 17 39 Peak Tracking Total 15 | . 6 4 15 Tactical Retreats 5 | . 1 1 3 Traps | -11 -10 -9 -8 ------- Run | Yrd Mat Mat Mat Traps Triggered 2 | . 1 . 1 Indirectly . | . . . . Trap Hack Attempts . | . . . . Triggered . | . . . . Disarmed . | . . . . Reprogrammed . | . . . . Reused . | . . . . Traps Extracted . | . . . . Installed . | . . . . Triggered . | . . . . Machines | -11 -10 -9 -8 ---------- Run | Yrd Mat Mat Mat Machines Disabled 2 | . 1 . 1 Max in Single Turn 1 | . 1 . 1 Machines Repaired . | . . . . Machines Dismantled . | . . . . Machines Sabotaged . | . . . . Overloaded Fab Kills . | . . . . Hacking | -11 -10 -9 -8 --------- Run | Yrd Mat Mat Mat Machines Accessed 11 | . 3 1 7 Terminals 7 | . 1 1 5 Fabricators . | . . . . Repair Stations 1 | . 1 . . Recycling Units 2 | . 1 . 1 Scanalyzers 1 | . . . 1 Garrison Access . | . . . . Total Hacks 25 | . 8 3 14 Successful 16 | . 6 1 9 Failed 9 | . 2 2 5 Catastrophic 1 | . . . 1 Database Lockouts . | . . . . Manual 16 | . 5 3 8 Terminals 18 | . 4 3 11 Fabricators . | . . . . Repair Stations 2 | . 2 . . Recycling Units 4 | . 2 . 2 Scanalyzers 1 | . . . 1 Garrison Access . | . . . . Terminal Hacks 5 | . 2 . 3 Prototype ID Bank 1 | . 1 . . Alert Level 1 | . . . 1 Unreport Threat 1 | . . . 1 Dispatch Records 1 | . . . 1 Hauler Manifests 1 | . 1 . . Fabricator Hacks . | . . . . Repair Station Hacks . | . . . . Recycling Unit Hacks 3 | . 1 . 2 Process 1 | . . . 1 Report Inventory 2 | . 1 . 1 Scanalyzer . | . . . . Garrison Access Hacks . | . . . . Unauthorized Hacks 8 | . 3 1 4 Terminals 4 | . . 1 3 Track 1 | . . . 1 Botnet 3 | . . 1 2 Fabricators . | . . . . Repair Stations 2 | . 2 . . Mechanics 1 | . 1 . . Patch 1 | . 1 . . Recycling Units 1 | . 1 . . Monitor 1 | . 1 . . Scanalyzers 1 | . . . 1 Extract 1 | . . . 1 Garrison Access . | . . . . Data Cores Recovered . | . . . . Used . | . . . . Hacking Detections 8 | . 1 1 6 Full Trace Events 3 | . . 1 2 Feedback Events . | . . . . Feedback Blocked . | . . . . Robot Schematics Acquired . | . . . . Robots Built . | . . . . Authchips . | . . . . Time . | . . . . Total Robot Build Rating . | . . . . Part Schematics Acquired 3 | . . . 3 Parts Built . | . . . . Authchips . | . . . . Time . | . . . . Total Part Build Rating . | . . . . Parts Repaired . | . . . . Time . | . . . . Parts Recycled . | . . . . Recycled Matter . | . . . . Retrieved Matter . | . . . . Retrieved Components . | . . . . Parts Scanalyzed . | . . . . Part Schematics Acquired . | . . . . Parts Damaged . | . . . . Bothacking | -11 -10 -9 -8 ------------ Run | Yrd Mat Mat Mat Used RIF Installer . | . . . . Robots Hacked . | . . . . Non-combat . | . . . . Combat . | . . . . Robot Hacks Applied . | . . . . Relay Couplers Released . | . . . . Fabnet Peak Effective % . | . . . . Robots Rewired . | . . . . Allies Hacked . | . . . . Hacks Repelled . | . . . . Allies | -11 -10 -9 -8 -------- Run | Yrd Mat Mat Mat Total Allies . | . . . . Largest Group . | . . . . Highest-Rated Group . | . . . . Highest-Rated Ally . | . . . . Total Orders . | . . . . Ally Attacks . | . . . . Total Damage . | . . . . Kills . | . . . . Allies Corrupted . | . . . . Allies Melted . | . . . . Intel | -11 -10 -9 -8 ------- Run | Yrd Mat Mat Mat Robot Analysis Total . | . . . . Derelict Logs Recovered . | . . . . Drone Launches . | . . . . Drone Recoveries . | . . . . Exploration | -11 -10 -9 -8 ------------- Run | Yrd Mat Mat Mat Turns Passed 1976 | 113 571 776 516 Spaces Moved 949 | 61 188 371 329 Core 152 | . . . 152 Treads 397 | . . 229 168 Legs 257 | 61 188 . 8 Wheels 143 | . . 142 1 Hover . | . . . . Flight . | . . . . Fastest Speed 50 | 120 120 100 50 Average Speed 117 | 120 120 127 103 Slowest Speed 350 | 120 190 225 350 Overloaded Moves . | . . . . Propulsion Burnouts . | . . . . Robots Hopped . | . . . . Cave-ins Triggered . | . . . . Exploration Rate (%) 25 | 4 31 33 34 Regions Visited 3 Branch Regions . Pre-discovered Areas . | . . . . Known Exits Taken . | . . . . Unknown Exits Taken 3 | 1 1 1 . Scrap Searched . | . . . . Spaces Dug . | . . . . Terrain Destroyed 62 | . 6 . 56 Melee . | . . . . Projectile . | . . . . AOE 62 | . 6 . 56 Terrain Rammed . | . . . . Walls Destroyed . | . . . . Machines Disabled . | . . . . Actions | -11 -10 -9 -8 --------- Run | Yrd Mat Mat Mat Total 1610 | 86 477 614 433 Wait 449 | 15 235 177 22 Move 946 | 60 187 370 329 Hop . | . . . . Pick Up 17 | 1 4 9 3 Fast Attach 14 | 1 4 4 5 Attach 16 | . 2 3 11 Detach 2 | . . 1 1 Swap 18 | 1 4 7 6 Drop 18 | 1 3 13 1 Fire 129 | 7 38 30 54 Melee . | . . . . Ram 1 | . . . 1 Kick . | . . . . Crush . | . . . . Escape Stasis . | . . . . Rewire . | . . . . Trap . | . . . . Miscellaneous . | . . . . Route ------- -11/Scrapyard -10/Materials -9/Materials -8/Materials History --------- Turn | Location | Event 3 | -11/Scrapyard | Discovered new exit (range 3) 114 | -11/Scrapyard | Entered Materials 318 | -10/Materials | Build established: Mutant 640 | -10/Materials | Discovered new exit (range 16) 685 | -10/Materials | Entered another Materials area 685 | -9/Materials | Evolved 2 slots: Propulsion x2 1300 | -9/Materials | Discovered new exit (range 7) 1461 | -9/Materials | Entered another Materials area 1461 | -8/Materials | Evolved 2 slots: Utility x2 1765 | -8/Materials | Lost 4 parts (1p1n2u) 1774 | -8/Materials | Destroyed 8 combat bots 1869 | -8/Materials | Released all parts (5) 1894 | -8/Materials | Lost 11 parts (5n2u4w) 1923 | -8/Materials | Core integrity fell below 50% 1964 | -8/Materials | Core integrity fell below 20% 1977 | -8/Materials | Self-destructed Last Messages --------------- M001. Dispatching Investigation squad. 01918_ W-25 Informer sends out distress signal. 01927_ Connecting with Terminal... >>Trojan(Botnet) Trojan loaded successfully. Testing... Terminal linked with 1 system. Awaiting botnet instructions. 01927_ ALERT: Suspicious activity at Terminal M005. Dispatching Investigation squad. 01942_ Shock Rifle destroyed. 01943_ System corrupted: Component data lost. 01943_ G-47 Trooper system terminally corrupted. 01943_ Imp. Heat Sink fried. 01943_ Aluminum Leg fried. 01943_ Lgt. Nuclear Core fried. 01944_ Acquired 60 matter. 01964_ Slammed into G-47 Trooper. 01968_ W-25 Informer sends out distress signal. 01975_ Acquired Imp. Light Armor Plating. Map ----- +----------------------------------------------------+ | """ # #?????##! #? ??????? | | + #?????#! #??#####???????? | | # """" #?????#! #??????????????? | | # """" #?????#! #??????????????? | | ""T"" # """" #?????#! #??? ????????? | | """"" # #?????##! #?? ?????????? | | ######## ########### #? ??????????? | | ######## """ #? ???????????? | | """" # ????????????? | | """" # ?????????????? | | r +??????????????? | | +####### # ?????????????? | | ???#######+#+################ ###########????? | | ???# * #?# """ # # #????? | | ???# #?# "T" # # """ #????? | | ???# [ #?# # # """ #????? | | ???# = #?#! ! # # """ #????? | | ???# #?# / + "" #????? | | ???# *= #?# """ # # """#????? | | ???# #?# """ # # S"#????? | | ???# #?# """ # # #????? | | ???# #?# # ###########????? | | ???# * #?########## #??????????????? | | ???# #???# ! ## #??????????????? | | ???####+##########???# ## #??????????????? | | ??????# #????????????# @ ## ###########????? | | ??????# #????????????# ## # * T #????? | | ??????# #????????????#""" ## # #????? | | ??????# #????????????#""" ## # """ """ #????? | | ??????# #????????????#""" ## # """ """ #????? | | ####### #????????????# ## # """ """ #????? | | #????????????#""" ## / """ """ #????? | | #######????????????#""" ## # #????? | | #??????????????????#""" ## # = #????? | | ###########????????# ss ## ###########????? | | # """ #???????####/### #?????????????? | | # "Y" #???????# #####?????????? | | # """ #???????# #???? | | # """ #???????+ ! +???? | | + """ #???????# #???? | | # #???????+ ##### #???? | | # #???????######## #????? ##???? | | # #??????????????### ###??????? #????? | | ###########????????????????# #??????????#????? | | #??????????????????????????# #???????????????? | | ###??????????????????????????+ #???????????????? | | ?????????????????????????????# #???????????????? | | ?????????????????????????????## #???????????????? | | ??????????????????????????????# #???????????????? | | ??????????????????????????????# +???????????????? | +----------------------------------------------------+ Best States ------------- Heat Dissipation 50 Energy Generation 14 Energy Capacity 240 Matter Stores 300 Matter Capacity 300 Sight Range 18 Terrain Scan Density 10 Armor Coverage 150 Propulsion Shielding 66 Evasion (%) 55 Targeting Accuracy 5 Recoil Reduction 8 Offensive Hacking 10 Item Schematics ----------------- Adv. Treads | -8/Materials | Extracted Reaction Control System | -8/Materials | Extracted Spread Laser | -8/Materials | Extracted Robot Schematics ------------------ None Fabricated ------------ Nothing Alien Tech Used ----------------- None Achievements -------------- None Challenges ------------ None Game ------ Seed CryofiberMappingPerforator Manual? 0 Play Time 00:25:21 Cumulative 52.9 hours Start 2024.11.14 @ 21:59:50 End 2024.11.14 @ 22:21:56 Sessions 1 Manual Loads 0 Difficulty Rogue Special Mode None Game No. 34 Rogue 34 Adventurer 0 Explorer 0 Win Type - Total 0 Types 0/0/0/0/0/0/0/0/0 Lore% 33 Gallery% 38 Achievement% 32 Wizard Run 0 Options --------- Layout 2 ASCII 0 Keyboard 0 Movement Mouse Keybinds 0 Fullscreen 1 Font 24/Smallcaps Map View 50x44 Zoom Use 0% Tactical HUD 1 Map Filters NONE Filters NONE Steam 1 RUN: 93e23544-5444-469b-831a-1173bb99ada2